 Dungeon Crawl Stone Soup version 0.28.0-45-g0d030f2227 (webtiles) character file.

Game seed: 2475581297519703153

98 Descartes the Covert (level 4, -1/23 HPs)
             Began as a Spriggan Delver on Apr 1, 2022.
             Slain by Sigmund
             ... wielding a +1 scythe of freezing
              (2 damage)
             ... on level 4 of the Dungeon.
             The game lasted 00:01:29 (435 turns).

Descartes the Covert (Spriggan Delver)               Turns: 435, Time: 00:01:30

Health: -1/23      AC:  2    Str: 10    XL:     4   Next: 44%
Magic:  5/5        EV: 17    Int: 11    God:
Gold:   8          SH:  0    Dex: 16    Spells: 3/3 levels left

rFire   . . .      SeeInvis +   a - +0 short sword
rCold   . . .      Faith    .   (no shield)
rNeg    . . .      Spirit   .   b - +0 robe
rPois   .          Reflect  .   (helmet restricted)
rElec   .          Harm     .   (no cloak)
rCorr   .          Rampage  .   (gloves unavailable)
Will    .....                   (boots unavailable)
Stlth   ++++......              (no amulet)
HPRegen 0.07/turn               (no ring)
MPRegen 0.09/turn               (no ring)

@: very quick
A: very small, no large weapons, unfitting armour, see invisible, speed 3
a: no special abilities


You were on level 4 of the Dungeon.
You visited 1 branch of the dungeon, and saw 2 of its levels.

You collected 8 gold pieces.

Inventory:

Hand Weapons
 a - a +0 short sword (weapon)
 j - a +0 shortbow
Missiles
 i - 19 stones (quivered)
 k - 22 arrows
Armour
 b - a +0 robe (worn)
Wands
 g - a wand of digging (3)
Scrolls
 c - a scroll of fog
 d - a scroll of magic mapping
 e - 2 scrolls of fear
 h - a scroll of identify {unknown}
 l - a scroll of brand weapon {unknown}
Potions
 f - a potion of haste


   Skills:
 - Level 2.4 Fighting
 + Level 2.2 Short Blades
 + Level 2.7 Dodging
 + Level 10.0 Stealth
 + Level 0.0 Spellcasting


You had 3 spell levels left.
You didn't know any spells.
Your spell library was empty.

Dungeon Overview and Level Annotations

Branches:
Dungeon (5/15)
 Temple: D:4-7

Altars:
Gozag

Shops:
D:5 *

Annotations:
D:4 Edmund, Sigmund


Innate Abilities, Weirdness & Mutations

You are very small and have problems with some larger weapons.
You are too small for most types of armour.
You have supernaturally acute eyesight. (SInv)
You cover ground extremely quickly. (Speed+++)


Message History

There is a stone staircase leading down here.
The jelly quivers.
You hit the ufetubus but do no damage. The ufetubus closely misses you.
The ufetubus hits you. The ufetubus closely misses you.
The ufetubus hits you but does no damage.
You hit the ufetubus.
The ufetubus is heavily wounded.
The ufetubus closely misses you. The ufetubus barely misses you.
You hit the ufetubus but do no damage.
The ufetubus is heavily wounded.
The ufetubus hits you. The ufetubus misses you. x2
The ufetubus closely misses you.
You are too injured to fight recklessly!
You are too injured to fight recklessly!
You are too injured to fight recklessly!
You hit the ufetubus.
You kill the ufetubus!
Training target 10.0 for Stealth reached!
Your Stealth skill increases to level 10!
You need to enable at least one skill for training.
There are monsters nearby!
You see here a scroll labelled DEICAE BIVY.
l - a scroll labelled DEICAE BIVY
Found a scroll labelled EBRUEX FUAVU.
Sigmund the Dreaded comes into view.
He is wielding a +1 scythe of freezing.
Found 14 gold pieces.
Found an opulent altar of Gozag.
Sigmund shouts!
Sigmund points at you and mumbles some strange words.
The puff of flame misses you.
You hit Sigmund.
Sigmund is lightly wounded.
Sigmund barely misses you.
You hit Sigmund.
Sigmund is lightly wounded.
You closely miss Sigmund.
Sigmund is lightly wounded.
Sigmund hits you with a +1 scythe of freezing!
* * * LOW HITPOINT WARNING * * *
Sigmund freezes you.
You die...

# #.### #.
.##.#...# ..
...#...###.
......... #......#
.. ###......###..
.##.....@.......
..#.....@.......
................
................
................
#...........###$.
##..####........§.
#..## ##.J........
#...##..≈≈≈§≈≈.≈≈
#.......§.......≈


You could see Sigmund and a jelly.

Vanquished Creatures
  A centaur (D:5)
  A howler monkey zombie (D:5)
  An ufetubus (D:4)
  A kobold (D:4)
4 creatures vanquished.

Notes
Turn   | Place    | Note
-------+----------+-------------------------------------------
     0 | D:5      | Descartes the Spriggan Delver began the quest for the Orb.
     0 | D:5      | Reached XP level 1. HP: 11/11 MP: 2/2
    17 | D:5      | Reached skill level 8 in Stealth
    17 | D:5      | Reached XP level 2. HP: 9/16 MP: 3/3
   155 | D:5      | Noticed a centaur
   163 | D:5      | Killed a centaur
   164 | D:5      | Reached skill level 9 in Stealth
   164 | D:5      | Reached XP level 3. HP: 12/19 MP: 4/4
   164 | D:5      | Reached XP level 4. HP: 15/23 MP: 5/5
   410 | D:5      | Noticed an ogre
   411 | D:5      | Found Lezohun's Lightly-Used Armoury.
   414 | D:4      | Noticed Edmund
   419 | D:4      | Reached skill level 10 in Stealth
   427 | D:4      | Found an opulent altar of Gozag.
   427 | D:4      | Noticed Sigmund
   435 | D:4      | HP: 1/23 [Sigmund/+1 scythe of freezing (11)]
   435 | D:4      | Slain by Sigmund

Illustrated notes

Levels and vault maps discovered:
D:4:      layout_cave_pools, mainiacjoe_overflow_brackets, uniq_sigmund,
          uniq_edmund, uniq_eustachio
D:5:      layout_basic, minmay_shop_damaged, st_stairs_8, uniq_duvessa

Skill      XL: |  1  2  3  4 |
---------------+-------------+-----
Stealth        | 8 9 10 | 10.0
Fighting       | |  2.4
Short Blades   | |  2.2
Dodging        | |  2.7

Action                   |  1- 3 |  4- 6 || total
-------------------------+-------+-------++-------
Melee: Short sword       |    13 |    16 ||    29
 Stab: Sleeping          |     1 |       ||     1
Armor: Robe              |     3 |     2 ||     5
Dodge: Dodged            |     8 |    38 ||    46
